 Dungeon Crawl Stone Soup version 0.27-a0-421-g7ddf969dea (webtiles) character file.

Game seed: 1944523635026845117

9872 sanka the Envoy of Void (level 11, -9/110 (111) HPs)
             Began as a Palentonga Abyssal Knight on Feb 26, 2021.
             Was a High Priest of Lugonu.
             Mangled by a komodo dragon (27 damage)
             ... on level 11 of the Dungeon.
             The game lasted 00:23:13 (18395 turns).

sanka the Envoy of Void (PaAK)                     Turns: 18395, Time: 00:23:13

HP:   -9/110 (111)  AC: 19    Str: 18    XL:     11   Next: 28%
MP:   20/20         EV:  7    Int: 15    God:    Lugonu [*****.]
Gold: 670           SH:  0    Dex: 17    Spells: 10/10 levels left

rFire    + . .     SeeInvis +   a - +9 longbow "Gistroem" {flame, rN+ Int+3}
rCold    . . .     Faith    .   (shield currently unavailable)
rNeg     + . .     Spirit   .   T - +3 scale mail {rF+}
rPois    .         Reflect  .   L - +0 helmet
rElec    .         Harm     .   g - +0 cloak
rCorr    .         Rampage  .   h - +0 pair of gloves
Will     .....                  (no barding)
Stlth    ..........             (no amulet)
HPRegen  0.28/turn              v - ring of wizardry
MPRegen  0.17/turn              n - +6 ring of dexterity

@: lightly drained, curled up
A: large, rugged brown scales 3, see invisible, deformed body, roll 1, armoured
tail, reflexive curl
a: Rolling Charge, Renounce Religion, Depart the Abyss, Bend Space, Banish,
Corrupt, Enter the Abyss


You were on level 11 of the Dungeon.
You worshipped Lugonu.
Lugonu was extremely pleased with you.
You visited 1 branch of the dungeon, and saw 11 of its levels.
You visited the Abyss 1 time.
You also visited: Ossuary.

You collected 670 gold pieces.


Innate Abilities, Weirdness & Mutations

You are completely covered in rugged brown scales. (AC +3, +7% HP)
You have supernaturally acute eyesight. (SInv)
Armour fits poorly on your strangely shaped body.
You can roll at nearby foes to attack.
You have a long armoured tail.
You curl defensively after being hit.


   Skills:
 + Level 12.0 Fighting
 - Level 7.0 Axes
 - Level 1.5 Armour
 - Level 0.7 Dodging
 + Level 12.4 Invocations


You had 10 spell levels left.
You didn't know any spells.
Your spell library contained the following spells:

 Spells                   Type           Power        Failure   Level
 Freeze                   Ice            0%           32%         1
 Magic Dart               Conj           0%           32%         1
 Sandblast                Erth           0%           32%         1
 Summon Small Mammal      Summ           0%           32%         1
 Call Imp                 Summ           0%           45%         2
 Passwall                 Tmut/Erth      0%           45%         2
 Searing Ray              Conj           0%           45%         2
 Call Canine Familiar     Summ           0%           67%         3
 Dazzling Flash           Conj/Hex       0%           67%         3
 Frozen Ramparts          Ice            0%           67%         3
 Ozocubu's Armour         Ice            0%           67%         3
 Stone Arrow              Conj/Erth      0%           67%         3
 Summon Guardian Golem    Hex/Summ       0%           67%         3
 Fulminant Prism          Conj/Hex       0%           96%         4
 Hailstorm                Conj/Ice       0%           96%         4
 Iskenderun's Mystic Bla  Conj/Tloc      0%           96%         4
 Petrify                  Tmut/Erth      0%           96%         4
 Summon Ice Beast         Ice/Summ       0%           96%         4
 Summon Lightning Spire   Summ/Air       0%           96%         4
 Lee's Rapid Deconstruct  Erth           0%           100%        5

Inventory:

Hand Weapons
 a - the +9 longbow "Gistroem" (weapon) {flame, rN+ Int+3}

   It causes projectiles fired from it to burn those they strike, causing extra
   injury to most foes and up to half again as much damage against particularly
   susceptible opponents.
   It affects your intelligence (+3).
   It protects you from negative energy.
 b - a +2 dagger of venom
 p - a +1 dagger of draining
 r - a +3 quarterstaff of chaos
 G - a +1 hand axe
 N - a +1 morningstar of protection
 S - the +10 hunting sling of the Swamp {freeze, rC+}

   It causes projectiles fired from it to freeze those they strike, causing
   extra injury to most foes and up to half again as much damage against
   particularly susceptible opponents.
   They can also slow down cold-blooded creatures.
   It protects you from cold.
Missiles
 d - 2 throwing nets {=f}
 H - 42 sling bullets
 I - 195 stones
 O - 7 curare-tipped darts {=f}
 R - 173 arrows (quivered ammo)
Armour
 g - a +0 cloak (worn)
 h - a +0 pair of gloves (worn)
 j - a scarf of repulsion
 l - a +0 leather armour
 m - a +0 buckler
 L - a +0 helmet (worn)
 T - a +3 scale mail of fire resistance (worn)
Magical Staves
 Q - a staff of air
Jewellery
 n - a +6 ring of dexterity (right hand)
 v - a ring of wizardry (left hand)
 z - a ring of positive energy
 E - a ring of fire
 P - a ring of fire
 U - a ring of protection from cold
 V - an amulet of magic regeneration
Wands
 x - a wand of mindburst (21)
 y - a wand of random effects (19)
 K - a wand of charming (10)
Scrolls
 c - a scroll of enchant armour
 f - a scroll of enchant weapon
 i - 3 scrolls of amnesia
 q - a scroll of blinking
 t - a scroll of random uselessness {unknown}
 A - a scroll of immolation {!r}
 D - 3 scrolls of magic mapping
 J - a scroll of fog
 W - a scroll of identify {@r1}
Potions
 e - 2 potions of lignification {unknown}
 k - 3 potions of heal wounds {unknown}
 o - a potion of cancellation {unknown}
 s - 3 potions of mutation {!q}
 u - 8 potions of curing {@q1}
 w - a potion of might {unknown}
 B - 2 potions of magic
 C - 2 potions of brilliance
 F - 2 potions of attraction {unknown}
 M - 3 potions of flight

Dungeon Overview and Level Annotations

Branches:
Dungeon (11/15)            Temple (0/1) D:5            Lair (0/6) D:9
Ossuary (visited)
    Orc: D:9-12

Altars:
Dithmenos
Elyvilon
Fedhas
Gozag
Hepliaklqana
Makhleb
Nemelex Xobeh
Ru
Sif Muna
Trog
Vehumet
Xom
Yredelemnul
The Shining One

Shops:
D:11

?( ...▒▒▒▒........▒▒▒▒.▒
......▒........▒▒▒ ...
.▒. ▒...............▒▒▒
.▒.▒▒∩............▒▒
.▒..▒.▒▒....}.▒▒▒.=▒
.▒▒...z▒......▒ ▒.▒▒▒▒▒
...z..........▒ .>.....
∩...▒▒▒▒▒....z▒▒▒.......
....▒ ▒....zzlH>......
▒▒▒▒▒ ▒▒▒▒▒▒▒▒▒.......
▒▒▒▒▒▒▒


You could see a komodo dragon and 3 wights.


Message History

The arrow barely misses the komodo dragon.
The arrow hits the wight!
The arrow burns the wight.
The wight is heavily damaged.
The komodo dragon bites you!
* * * LOW HITPOINT WARNING * * *
The komodo dragon bites you!
* * * LOW HITPOINT WARNING * * *
Unknown command.
You shoot an arrow. The arrow hits the komodo dragon!
The arrow burns the komodo dragon.
The komodo dragon is moderately wounded.
The komodo dragon closely misses you.
Unknown command.
You shoot an arrow. The arrow hits the komodo dragon!
The arrow burns the komodo dragon.
The komodo dragon is heavily wounded.
The komodo dragon barely misses you. The komodo dragon bites you!!
* * * LOW HITPOINT WARNING * * *
Unknown command.
You shoot an arrow. The arrow hits the komodo dragon.
The arrow burns the komodo dragon.
The komodo dragon is severely wounded.
The komodo dragon barely misses you. The komodo dragon bites you!!
You die...

Action                   |  1- 3 |  4- 6 |  7- 9 | 10-12 || total
-------------------------+-------+-------+-------+-------++-------
Melee: Hand axe          |   106 |    69 |     2 |       ||   177
       Tailslap          |     9 |    31 |    38 |       ||    78
       Dagger            |       |   173 |   131 |       ||   304
       Quarterstaff      |       |       |   113 |       ||   113
 Fire: Hunting sling     |       |       |   223 |   120 ||   343
       Longbow           |       |       |       |   133 ||   133
Invok: Banish            |       |       |     2 |       ||     2
 Abil: Rolling Charge    |     4 |     7 |     4 |       ||    15
Evoke: Wand              |       |       |    10 |       ||    10
  Use: Scroll            |       |       |    12 |     1 ||    13
Armor: Leather armour    |    51 |    89 |   148 |    48 ||   336
       Scale mail        |       |       |       |    40 ||    40
Dodge: Dodged            |    53 |   112 |   175 |    73 ||   413

Levels and vault maps discovered:
D:1:      minmay_arrival_split_and_join, layout_basic
D:2:      layout_rooms, serial_bayou_ford_a, uniq_natasha, uniq_terence,
          uniq_crazy_yiuf_cottage
D:3:      layout_basic, tso_oasis_becter, chequers_ecumenical_altar_island,
          uniq_jessica
D:4:      layout_layer_cave, nicolae_gozag_cash_rules_everything_around_me,
          fiery_altar_vehumet
D:5:      layout_rooms, lemuel_round_altar, lemuel_blue_sif_altar,
          general_overflow_altar, minmay_temple_entry_glass, enter_ossuary_5
D:6:      layout_basic, nicolae_overflow_crystal_walls,
          overflow_temple_1_default, serial_bayou, serial_bayou_pond_d,
          serial_bayou_lagoon_a, serial_bayou_pond_b, serial_bayou_lagoon_b,
          nemelex_diamond_rough_becter
D:7:      layout_loops_ring
D:8:      layout_basic, kennysheep_mini, serial_bayou, serial_bayou_shore_b,
          serial_bayou_pond_b, serial_bayou_pond_b, serial_bayou_pond_c,
          nicolae_tso_besieged_by_evil
D:9:      due_megacathedral, layout_stronghold, nzn_hepliaklqana_mist_gate
D:10:     layout_layer_cave
D:11:     layout_rooms, serial_shops, shop, shop, shop, kennysheep_mini_moat,
          uniq_nergalle

Notes
Turn   | Place    | Note
-------+----------+-------------------------------------------
     0 | Abyss:1  | sanka the Palentonga Abyssal Knight began the quest for the
                  | Orb.
     0 | Abyss:1  | Reached XP level 1. HP: 20/20 MP: 2/2
     8 | D:1      | Escaped the Abyss
   174 | D:1      | Reached XP level 2. HP: 19/27 MP: 3/3
   287 | D:1      | Reached skill level 3 in Axes
   660 | D:1      | Reached ** piety under Lugonu
   720 | D:1      | Reached XP level 3. HP: 33/33 MP: 4/4
  1298 | D:2      | Reached skill level 4 in Axes
  1397 | D:1      | Reached XP level 4. HP: 8/40 MP: 5/5
  2197 | D:2      | Noticed Natasha
  2205 | D:2      | Noticed Terence
  2226 | D:1      | Killed Natasha
  2227 | D:1      | Reached skill level 5 in Axes
  2280 | D:1      | Noticed Natasha
  2285 | D:1      | Killed Natasha
  2286 | D:1      | Reached XP level 5. HP: 17/48 MP: 6/6
  2651 | D:1      | Noticed Natasha
  2658 | D:1      | Killed Natasha
  2913 | D:1      | HP: 4/48 [poisoned by an adder]
  3374 | D:2      | Reached skill level 6 in Axes
  3497 | D:2      | Killed Terence
  3498 | D:2      | Reached XP level 6. HP: 54/54 MP: 7/7
  3656 | D:2      | Found a runed translucent door.
  3657 | D:2      | Noticed Crazy Yiuf
  3670 | D:2      | Killed Crazy Yiuf
  3733 | D:3      | Noticed Jessica
  3743 | D:3      | Killed Jessica
  3799 | D:3      | Reached *** piety under Lugonu
  3812 | D:3      | Reached skill level 4 in Fighting
  3942 | D:3      | Found a glowing golden altar of the Shining One.
  4763 | D:3      | Found a faded altar of an unknown god.
  4866 | D:4      | Reached skill level 3 in Invocations
  4866 | D:4      | Gained mutation: You curl defensively after being hit.
                  | [Palentonga growth]
  4866 | D:4      | Reached XP level 7. HP: 28/64 MP: 9/9
  5517 | D:4      | Found a radiant altar of Vehumet.
  5999 | D:4      | Found an opulent altar of Gozag.
  6296 | D:5      | Entered Level 5 of the Dungeon
  6370 | D:5      | Found a sand-covered staircase.
  6376 | Ossuary  | Entered an ossuary
  6455 | Ossuary  | Reached skill level 7 in Axes
  6468 | Ossuary  | Reached **** piety under Lugonu
  6556 | Ossuary  | Reached skill level 5 in Fighting
  6582 | Ossuary  | Reached skill level 4 in Invocations
  6972 | D:5      | Reached XP level 8. HP: 54/74 MP: 11/11
  7143 | D:5      | Found a blossoming altar of Fedhas.
  7279 | D:5      | Found a shimmering altar of Xom.
  7280 | D:5      | Found a staircase to the Ecumenical Temple.
  7394 | D:5      | Reached skill level 5 in Invocations
  7407 | D:5      | Reached skill level 6 in Fighting
  7597 | D:5      | Found a shimmering blue altar of Sif Muna.
  7665 | D:6      | Found a basalt altar of Yredelemnul.
  8694 | D:6      | Reached skill level 6 in Invocations
  8988 | D:6      | Reached ***** piety under Lugonu
  9179 | D:6      | Reached skill level 7 in Fighting
  9294 | D:6      | Identified the +10 hunting sling of the Swamp {freeze, rC+}
  9819 | D:6      | Found a white marble altar of Elyvilon.
 10102 | D:6      | Found a sparkling altar of Nemelex Xobeh.
 10173 | D:6      | Reached skill level 7 in Invocations
 10938 | D:7      | Reached XP level 9. HP: 64/86 MP: 14/14
 11285 | D:7      | Reached skill level 8 in Fighting
 11524 | D:7      | Reached skill level 8 in Invocations
 12176 | D:8      | Reached skill level 9 in Fighting
 12187 | D:8      | Reached skill level 9 in Invocations
 12646 | D:8      | Found a sparkling altar of Nemelex Xobeh.
 13200 | D:8      | Found a glowing golden altar of the Shining One.
 13825 | D:9      | Found a staircase to the Lair.
 13867 | D:9      | Reached XP level 10. HP: 53/98 MP: 17/17
 14287 | D:9      | Reached skill level 10 in Invocations
 14326 | D:9      | Found a hazy altar of Hepliaklqana.
 14423 | D:9      | Reached skill level 10 in Fighting
 14661 | D:9      | Found a radiant altar of Vehumet.
 14671 | D:9      | Found a runed translucent door.
 14676 | D:9      | Found a sacrificial altar of Ru.
 14692 | D:9      | Found a shadowy altar of Dithmenos.
 14809 | D:9      | Found a shimmering altar of Xom.
 15169 | D:9      | Found a burning altar of Makhleb.
 15225 | D:9      | Found a bloodstained altar of Trog.
 15330 | D:9      | Noticed a flayed ghost
 15347 | D:9      | Killed a flayed ghost
 15348 | D:9      | Reached skill level 11 in Invocations
 15507 | D:9      | Identified the +9 longbow "Gistroem" {flame, rN+ Int+3}
 15974 | D:10     | Entered Level 10 of the Dungeon
 16454 | D:10     | Reached skill level 11 in Fighting
 17029 | D:10     | Reached XP level 11. HP: 102/109 MP: 19/19
 17635 | D:11     | Reached skill level 12 in Invocations
 17729 | D:11     | Noticed Nergalle
 17745 | D:11     | Killed Nergalle
 18139 | D:11     | Reached skill level 12 in Fighting
 18325 | D:11     | Found Bihaps's Weapon Emporium.
 18359 | D:11     | Found Quuneoma's Magic Scroll Boutique.
 18395 | D:11     | Mangled by a komodo dragon

Vanquished Creatures
  Nergalle (D:11)
  A flayed ghost (D:9)
  2 cyclopes (D:11)
  2 trolls
  A wyvern (D:9)
  5 yaks (D:10)
  3 wraiths (D:9)
  2 shadows (D:9)
  A water moccasin (D:10)
  A sky beast (D:7)
  2 orc warriors
  2 ice beasts
  9 ogres
  A necrophage (D:6)
  An eye of draining (D:10)
  8 centaurs
  2 phantoms (D:5)
  6 bullfrogs
  A gnoll sergeant (D:8)
  2 kobold brigands
  A water moccasin zombie (D:10)
  A wyvern skeleton (D:9)
  A scorpion (D:6)
  A water moccasin skeleton (D:6)
  5 killer bees
  8 wights
  6 electric eels
  A howler monkey (D:2)
  A jelly (D:8)
  2 human zombies (Ossuary)
  2 quasits
  A bullfrog zombie (D:9)
  4 centaur zombies
  Crazy Yiuf (D:2)
  A centaur skeleton (D:5)
  4 hounds
  3 orc priests
  Terence (D:2)
  Jessica (D:3)
  An iguana (D:3)
  Natasha (thrice) (D:1)
  10 worker ants
  4 orc wizards
  2 hound zombies
  2 mummies (Ossuary)
  2 worker ant zombies
  18 adders
  10 gnolls
  2 shadow imps
  4 white imps
  An ufetubus (D:10)
  3 oozes
  An adder skeleton (D:4)
  3 adder zombies
  2 worms
  7 dart slugs
  5 leopard geckos
  31 orcs
  2 ball pythons
  5 giant cockroaches
  13 goblins
  7 hobgoblins
  19 jackals
  A quokka (D:6)
  A ball python skeleton (D:6)
  23 bats
  6 frilled lizards
  A goblin skeleton (D:8)
  3 goblin zombies (Ossuary)
  7 hobgoblin zombies
  2 jackal zombies (Ossuary)
  12 kobolds
  12 kobold zombies
  13 orc zombies
  4 rats
  2 rat zombies (Ossuary)
342 creatures vanquished.

Vanquished Creatures (others)
  A fungus (D:2)
  111 plants
112 creatures vanquished.

Grand Total: 454 creatures vanquished
